 Dungeon Crawl Stone Soup version 0.30-a0-972-gf3ab3527aa (webtiles) character file.

Game seed: 3206057669850533152

23247 jasper the Destroyer (level 12, -1/103 HPs)
             Began as a Demigod Conjurer on Mar 31, 2023.
             Slain by an orc warrior
             ... wielding a +0 dire flail
              (11 damage)
             ... while paralysed by an orc sorcerer
             ... on level 2 of the Orcish Mines.
             The game lasted 00:33:13 (13596 turns).

jasper the Destroyer (Demigod Conjurer)            Turns: 13596, Time: 00:33:14

Health: -1/103     AC:  9    Str:  8    XL:     12   Next: 37%
Magic:  6/37       EV:  2    Int: 36    God:
Gold:   826        SH:  0    Dex:  7    Spells: 4/26 levels left

rFire   + + +      SeeInvis .    r - +0 broad axe
rCold   . . .      Faith    .    D - +0 buckler
rNeg    . . .      Spirit   .    w - +0 troll leather armour
rPois   .          Reflect  .    s - +2 hat
rElec   +          Rampage  .    o - +1 cloak
rCorr   +          Archmagi +    (no gloves)
Will    +....                    H - +0 pair of boots "Muiq" {rElec rF+++ rCorr Dex-5}
Stlth   +                        (no amulet)
HPRegen 1.17/turn                k - ring of magical power
MPRegen 0.25/turn                x - ring of the Mage {Wiz Archmagi}

@: paralysed
A: high MP 1, forlorn, divine attributes
a: no special abilities


You were on level 2 of the Orcish Mines.
You visited 2 branches of the dungeon, and saw 13 of its levels.
You also visited: Bailey.

You collected 1503 gold pieces.
You spent 677 gold pieces at shops.

Inventory:

Hand Weapons
 p - a +3 quarterstaff of chaos
 r - a +0 broad axe (weapon)
 F - a +0 short sword
Missiles
 g - 5 javelins
 t - a curare-tipped dart
 N - 7 stones
Armour
 a - a +0 robe
 i - the +5 ring mail "Zerimelu" {Rampage Int+4 Dex-4}
   (You found it on level 3 of the Dungeon)

   Int:       It affects your intelligence (+4).
   Dex:       It affects your dexterity (-4).
   Rampage:   It bestows one free step when moving towards enemies.
 l - the +0 pair of boots "Itoitohe" {Dex+3}
   (You found it on level 5 of the Dungeon)

   Dex:       It affects your dexterity (+3).
 o - a +1 cloak (worn)
 s - a +2 hat (worn)
 v - the +1 leather armour of Vahyesch {+Blink rCorr Stlth+}
   (You found it on level 8 of the Dungeon)

   +Blink:    It lets you blink.
   rCorr:     It protects you from acid and corrosion.
   Stlth:     It makes you more stealthy.
 w - a +0 troll leather armour (worn)
 D - a +0 buckler (worn)
 E - an orb of energy
 H - the +0 pair of boots "Muiq" (worn) {rElec rF+++ rCorr Dex-5}
   (You found it in a bailey)

   Dex:       It affects your dexterity (-5).
   rF:        It renders you almost immune to fire.
   rElec:     It insulates you from electricity.
   rCorr:     It protects you from acid and corrosion.
 I - a +0 cloak
 M - +0 acid dragon scales
Magical Staves
 L - a staff of air
Jewellery
 k - a ring of magical power (left hand)
 x - the ring of the Mage (right hand) {Wiz Archmagi}
   (You acquired it on level 10 of the Dungeon)

   [ring of wizardry]

   It improves your spell success rate.
   Archmagi:  It increases the power of your magical spells.
 A - an amulet of guardian spirit
 B - a ring of positive energy
 G - a ring of positive energy
Wands
 b - a wand of paralysis (10)
Scrolls
 c - 2 scrolls of immolation
 e - 8 scrolls of teleportation
 m - a scroll of vulnerability
 y - a scroll of enchant armour
Potions
 d - 2 potions of flight
 f - 2 potions of mutation
 h - 2 potions of resistance
 j - 11 potions of degeneration
 n - a potion of cancellation
 q - a potion of magic
 u - a potion of brilliance
 z - 2 potions of haste
 C - a potion of heal wounds
 J - 4 potions of curing
 K - a potion of attraction {unknown}


   Skills:
 + Level 8.4 Fighting
 + Level 8.6 Dodging
 - Level 1.7 Stealth
 - Level 4.0 Shields
 + Level 7.9 Spellcasting
 * Level 12.4 Conjurations
 - Level 3.0 Hexes
 - Level 3.0 Translocations
 - Level 2.0 Air Magic


You had 4 spell levels left.
You knew the following spells:

 Your Spells              Type           Power      Damage    Failure   Level
a - Magic Dart            Conj           100%       1d8       1%          1
b - Searing Ray           Conj           100%       2d8       1%          2
c - Fulminant Prism       Conj/Hex       40%        3d19      1%          4
d - Iskenderun's Mystic   Conj/Tloc      81%        2d16      1%          4
e - Apportation           Tloc           100%       N/A       1%          1
f - Swiftness             Air            43%        N/A       3%          3
g - Orb of Destruction    Conj           51%        9d13      12%         7

Your spell library contained the following spells:

 Spells                   Type           Power      Damage    Failure   Level
 Shock                    Conj/Air       100%       1d9       1%          1
 Lesser Beckoning         Tloc           100%       N/A       1%          2
 Dazzling Flash           Conj/Hex       100%       N/A       1%          3
 Gell's Gravitas          Tloc           52%        N/A       1%          3
 Hailstorm                Conj/Ice       73%        3d15      1%          3
 Teleport Other           Tloc           52%        N/A       1%          3
 Tukima's Dance           Hex            52%        N/A       1%          3
 Freeze                   Ice            84%        1d9       2%          1
 Summon Guardian Golem    Hex/Summ       37%        N/A       3%          3
 Passage of Golubria      Tloc           52%        N/A       6%          4
 Frozen Ramparts          Ice            42%        1d7       7%          3
 Airstrike                Air            21%        2d(4-20)  10%         4
 Summon Ice Beast         Ice/Summ       21%        N/A       22%         4
 Silence                  Hex/Air        24%        N/A       22%         5
 Summon Mana Viper        Hex/Summ       37%        N/A       32%         5
 Yara's Violent Unravell  Hex/Tmut       18%        3d9       32%         5
 Alistair's Intoxication  Tmut/Pois      14%        N/A       50%         5
 Spellforged Servitor     Conj/Summ      36%        N/A       78%         7
 Monstrous Menagerie      Summ           10%        N/A       100%        7
 Lehudib's Crystal Spear  Conj/Erth      36%        10d9      100%        8


Dungeon Overview and Level Annotations

Branches:
Dungeon (11/15)            Temple (0/1) D:5             Orc (2/2) D:9
    Elf (0/3) Orc:2        Bailey (visited)
   Lair: D:8-11

Shops:
D:9 [   D:10 *   Orc:2 =

Annotations:
D:4 Pikel


Innate Abilities, Weirdness & Mutations

You have an increased reservoir of magic. (+10% MP)
You shall have no god before yourself.
Your divine heritage dramatically boosts your attributes as you level up.


Message History

You now have 3/37 mp.
Something hits you.
An orc warrior comes into view. It is wielding a +0 dire flail.
You take 1 damage, and have 69/103 hp.
An orc warrior comes into view. It is wielding a +0 long sword.
Things that are here:
a +0 mace; a +0 arbalest; a +0 chain mail Something hits you but does no damage.
You barely miss the orc warrior. You closely miss something.
Something hits you but does no damage.
The orc warrior curses to no one in particular.
The orc warrior hits you with a +0 dire flail!
The orc warrior barely misses you. Something completely misses you.
An orc sorcerer comes into view. It is wielding a +0 dagger.
The orc warrior hits you with a +0 dire flail!
You take 25 damage, and have 46/103 hp.
MASSIVE DAMAGE!!
You hit the orc warrior.
The orc warrior is lightly wounded.
You closely miss something.
You hit the orc warrior but do no damage.
The orc warrior hits you with a +0 long sword.
You block the orc warrior's attack. Something hits you but does no damage.
You hit the orc warrior but do no damage.
The orc warrior is lightly wounded.
You hit something. You barely miss the orc warrior.
The orc warrior hits you with a +0 long sword.
Something hits you but does no damage.
The orc sorcerer gestures at you while chanting.
You suddenly lose the ability to move!
The orc warrior hits you with a +0 dire flail.
Something hits you but does no damage.
The orc warrior hits you with a +0 dire flail!
* * * LOW HITPOINT WARNING * * *
The orc warrior hits you with a +0 long sword!
* * * LOW HITPOINT WARNING * * *
The orc warrior hits you with a +0 long sword!
* * * LOW HITPOINT WARNING * * *
Something hits you but does no damage.
The orc warrior hits you with a +0 dire flail!
You die...

≈≈§#.#.##... ##........
......##. ##....).... .
#.#.### ##.#...)....
..###...####.).........
......o.)..............
......).)..............
######...######.........
#.......{.....##........
......o@o......##..##...
.....#####...... .## ..
..... ...... .# . ....
#..... .. #.... .#.. #..


You could see an orc sorcerer and 2 orc warriors.

Vanquished Creatures
  Gastronok (D:8)
  4 two-headed ogres
  A boulder beetle (D:10)
  5 orc high priests
  2 orc knights (Bailey)
  An ugly thing (D:9)
  An orc sorcerer (Orc:1)
  2 cyclopes
  An elephant (D:10)
  Maggie (D:10)
  2 kobold demonologists (Bailey)
  3 trolls
  A wraith (D:10)
  2 shadows (D:11)
  3 wyverns
  17 yaks
  A steam dragon (D:10)
  A basilisk (D:11)
  6 wargs
  Menkaure (D:6)
  A water moccasin (D:8)
  An ice beast (D:6)
  33 orc warriors
  3 sky beasts
  2 black bears
  8 ogres
  A centaur (D:8)
  Blork the orc (D:6)
  2 phantoms
  5 kobold brigands (D:6)
  5 bullfrogs
  A scorpion (D:6)
  3 wights (D:8)
  15 killer bees
  5 electric eels
  3 howler monkeys
  2 jellies (D:6)
  4 hounds
  Crazy Yiuf (D:3)
  13 orc priests
  A gnoll bouda (D:5)
  3 iguanas
  21 orc wizards
  A sleepcap (D:7)
  2 adders
  12 gnolls
  A shadow imp (D:5)
  A white imp (D:6)
  A worm (D:3)
  55 orcs
  3 bats (D:1)
  5 endoplasms
  10 goblins
  7 hobgoblins
  2 jackals (D:1)
  2 quokkas
  2 ball pythons (D:1)
  3 frilled lizards (D:1)
  9 kobolds
  7 rats
313 creatures vanquished.

Vanquished Creatures (others)
  20 fulminant prisms
  7 fungi
  6 toadstools (D:6)
33 creatures vanquished.

Grand Total: 346 creatures vanquished

Notes
Turn   | Place    | Note
-------+----------+-------------------------------------------
     0 | D:1      | jasper the Demigod Conjurer began the quest for the Orb.
     0 | D:1      | Reached XP level 1. HP: 14/14 MP: 5/5
   382 | D:1      | Reached XP level 2. HP: 22/22 MP: 2/7
   385 | D:1      | Learned a level 2 spell: Searing Ray
  1279 | D:2      | You fall into a shaft and drop 1 floor!
  1418 | D:3      | Identified the +5 ring mail "Zerimelu" {Rampage Int+4
                  | Dex-4}
  1421 | D:3      | Noticed an ogre
  1432 | D:3      | Killed an ogre
  1433 | D:3      | Reached skill level 1 in Fighting
  1433 | D:3      | Reached skill level 4 in Conjurations
  1433 | D:3      | Reached XP level 3. HP: 28/28 MP: 3/9
  1433 | D:3      | Reached XP level 4. HP: 35/35 MP: 3/10
  2372 | D:3      | Found a runed translucent door.
  2373 | D:3      | Noticed Crazy Yiuf
  2379 | D:3      | Killed Crazy Yiuf
  2385 | D:3      | Learned a level 4 spell: Fulminant Prism
  2697 | D:5      | Entered Level 5 of the Dungeon
  2732 | D:5      | Found a staircase to the Ecumenical Temple.
  2740 | D:5      | Reached XP level 5. HP: 41/41 MP: 11/11
  2858 | D:4      | Noticed Pikel
  2899 | D:5      | Reached skill level 5 in Conjurations
  3097 | D:5      | Reached XP level 6. HP: 48/48 MP: 13/13
  3358 | D:5      | Identified the +0 pair of boots "Itoitohe" {Dex+3}
  3436 | D:5      | Learned a level 4 spell: Iskenderun's Mystic Blast
  3523 | D:5      | Reached XP level 7. HP: 56/56 MP: 15/15
  3525 | D:5      | Learned a level 1 spell: Apportation
  3874 | D:6      | Noticed Blork the orc
  3881 | D:6      | Killed Blork the orc
  3882 | D:6      | Reached skill level 1 in Hexes
  3882 | D:6      | Reached skill level 1 in Translocations
  3889 | D:6      | Reached skill level 6 in Conjurations
  3980 | D:6      | Noticed Menkaure
  3984 | D:6      | Killed Menkaure
  4544 | D:6      | Reached XP level 8. HP: 21/63 MP: 14/17
  4967 | D:6      | Noticed a slime creature
  4967 | D:6      | Noticed a slime creature
  5178 | D:7      | Reached skill level 7 in Conjurations
  5572 | D:7      | Noticed a troll
  5580 | D:7      | Killed a troll
  5603 | D:7      | Learned a level 3 spell: Swiftness
  5684 | D:7      | Reached XP level 9. HP: 54/72 MP: 14/19
  5801 | D:7      | Noticed a cyclops
  5814 | D:7      | Killed a cyclops
  5815 | D:7      | Reached skill level 5 in Dodging
  5815 | D:7      | Reached skill level 1 in Air Magic
  6617 | D:8      | Reached skill level 8 in Conjurations
  6733 | D:8      | Noticed Gastronok
  6758 | D:8      | Killed Gastronok
  6759 | D:8      | Reached skill level 5 in Fighting
  6759 | D:8      | Reached skill level 5 in Spellcasting
  6890 | D:8      | Reached skill level 9 in Conjurations
  6890 | D:8      | Reached XP level 10. HP: 81/81 MP: 18/21
  7057 | D:8      | Identified the +1 leather armour of Vahyesch {+Blink rCorr
                  | Stlth+}
  7836 | D:9      | Noticed a two-headed ogre
  7861 | D:9      | Killed a two-headed ogre
  7976 | D:9      | Found a staircase to the Orcish Mines.
  7978 | D:9      | Found Jifi's Armour Shoppe.
  7996 | D:9      | Bought a +0 buckler for 63 gold pieces
  7996 | D:9      | Bought an orb of energy for 224 gold pieces
  8239 | D:9      | Noticed a cyan ugly thing
  8250 | D:9      | Killed a cyan ugly thing
  8251 | D:9      | Reached skill level 10 in Conjurations
  8582 | Orc:1    | Entered Level 1 of the Orcish Mines
  8612 | D:10     | Entered Level 10 of the Dungeon
  8787 | D:10     | Found a flagged portal.
  8841 | Bailey   | Entered a bailey
  8908 | Bailey   | Noticed an orc knight
  8929 | Bailey   | Killed an orc knight
  9187 | Bailey   | Noticed an orc knight
  9203 | Bailey   | Killed an orc knight
  9204 | Bailey   | Reached XP level 11. HP: 91/91 MP: 8/24
  9212 | Bailey   | Learned a level 7 spell: Orb of Destruction
  9680 | Bailey   | Reached skill level 1 in Shields
  9880 | Bailey   | Identified the +0 pair of boots "Muiq" {rElec rF+++ rCorr
                  | Dex-5}
  9915 | D:10     | Acquired the ring of the Mage {Wiz Archmagi}
  9915 | D:10     | Found the ring of the Mage {Wiz Archmagi}
 10028 | D:10     | Noticed a two-headed ogre
 10042 | D:10     | Killed a two-headed ogre
 10216 | D:10     | Noticed a two-headed ogre
 10228 | D:10     | Killed a two-headed ogre
 10444 | D:10     | Reached skill level 11 in Conjurations
 10666 | D:10     | Found Hoereng's Assorted Antiques.
 10672 | D:10     | Bought a thick glowing staff for 312 gold pieces
 10672 | D:10     | Bought a scroll of teleportation for 78 gold pieces
 10743 | D:10     | Noticed Maggie
 10756 | D:10     | Killed Maggie
 11011 | D:11     | Noticed a boulder beetle
 11189 | D:11     | Noticed a two-headed ogre
 11195 | D:11     | Killed a two-headed ogre
 11534 | D:11     | Noticed a skeletal warrior
 11540 | D:11     | Noticed a skeletal warrior
 11542 | D:11     | Noticed a skeletal warrior
 11646 | D:10     | Killed a boulder beetle
 11807 | Orc:1    | Noticed an orc high priest
 11818 | Orc:1    | Killed an orc high priest
 12155 | Orc:1    | Reached XP level 12. HP: 66/101 MP: 20/27
 12768 | Orc:2    | Entered Level 2 of the Orcish Mines
 12799 | Orc:2    | Found a staircase to the Elven Halls.
 12799 | Orc:2    | Found Coipe's Jewellery Shoppe.
 12817 | Orc:2    | Reached skill level 12 in Conjurations
 13595 | Orc:2    | Paralysed by an orc sorcerer for 3 turns
 13596 | Orc:2    | Slain by an orc warrior

Illustrated notes

Levels and vault maps discovered:
D:1:      lemuel_arrival_lava_pool, layout_basic
D:2:      kennysheep_big_flooded_room, layout_basic, minivault_11
D:3:      layout_basic, uniq_crazy_yiuf_cottage
D:4:      cheibrodos_helix_gallery, layout_basic, uniq_pikel
D:5:      layout_rooms, nicolae_hepliaklqana_hippocampus,
          grunt_dithmenos_shadows, minmay_temple_entry_offerings
D:6:      cheibrodos_fertilizer, layout_gridville, grunt_decor_one_mirror,
          nrook_loot_triangle, uniq_menkaure, uniq_blork_the_orc
D:7:      layout_basic, solitary_fountain, minmay_splitting_lines, wad_mini_maze
D:8:      layout_loops_ring, pdpol_wu_jian_five_deadly_venoms,
          hellmonk_okawaru_the_only_friend_you_need, uniq_gastronok
D:9:      layout_roguey, overflow_temple_1_default, grunt_temple_overflow_open,
          nicolae_overflow_hidden_temple, orc_david_3
D:10:     layout_loops_corners, serial_shops, nicolae_shop_waterfront,
          enter_bailey_7, water_maze_lemuel, uniq_maggie
D:11:     layout_rooms, david_lair_generic
Orc:1:    layout_caves, nicolae_orc_sculptors_studio, bh_open_orc_temple
Orc:2:    st_orc_mages, layout_caves, serial_shops, nicolae_shop_behind_doors,
          minmay_shop_enchanted_jewellery, guppyfry_orc_lava_fort,
          uniq_saint_roka

Skill      XL: |  1  2  3  4  5  6  7  8  9 10 11 12 |
---------------+-------------------------------------+-----
Dodging        | 2 3 4 5 7 8 |  8.6
Spellcasting   | 2 3 4 5 6 7 |  7.9
Fighting       | 1 2 3 4 5 6 7 8 |  8.4
Conjurations   | 4 5 6 7 9 10 11 12 | 12.4
Hexes          | 1 3 |  3.0
Translocations | 1 3 |  3.0
Air Magic      | 2 |  2.0
Shields        | 3 4 |  4.0
Stealth        | |  1.7

Action                     |  1- 3 |  4- 6 |  7- 9 | 10-12 || total
---------------------------+-------+-------+-------+-------++-------
  Melee: Unarmed           |     5 |     1 |       |       ||     6
         Quarterstaff      |       |    15 |    27 |       ||    42
         Short sword       |       |       |       |    15 ||    15
         Broad axe         |       |       |       |    74 ||    74
   Cast: Magic Dart        |    35 |    28 |    46 |   112 ||   221
         Searing Ray       |     2 |    15 |    35 |    47 ||    99
         Iskenderun's Myst |       |       |     2 |   134 ||   136
         Fulminant Prism   |       |       |     6 |    14 ||    20
         Orb of Destructio |       |       |       |    12 ||    12
  Evoke: Wand              |       |       |     6 |    16 ||    22
    Use: Scroll            |     2 |     8 |     5 |     4 ||    19
         Potion            |     1 |     1 |       |       ||     2
   Stab: Confused          |       |       |     1 |       ||     1
         Sleeping          |       |       |     1 |       ||     1
 Armour: Ring mail         |       |    25 |    21 |       ||    46
         Troll leather arm |       |       |    15 |    67 ||    82
  Dodge: Dodged            |     5 |    22 |    55 |   148 ||   230
  Block: Buckler           |       |       |       |    34 ||    34

Table legend: (Time is in decaauts)
 A = Elapsed time spent in this place.
 B = Non-inter-level travel time spent in this place.
 C = Inter-level travel time spent in this place.
 D = Time resting spent in this place.
 E = Time spent auto-exploring this place.
 F = Levels seen in this place.
 G = Mean time per level.
                   A        B        C        D        E       F      G
               +--------+--------+--------+--------+--------+-----+--------+
         Total |  13716 |  13284 |    432 |   1825 |   9357 |  14 |  979.7 |
       Dungeon |  10810 |  10413 |    397 |   1146 |   7846 |  11 |  982.7 |
  Orcish Mines |   1827 |   1793 |     34 |    528 |    955 |   2 |  913.5 |
        Bailey |   1078 |   1078 |      0 |    151 |    556 |   1 | 1078.0 |
               +--------+--------+--------+--------+--------+-----+--------+

Top non-repeatable levels by time:
    D:10: 1916 daAuts
     D:7: 1559 daAuts
   Orc:1: 1490 daAuts
     D:6: 1314 daAuts
     D:3: 1286 daAuts
     D:1: 1178 daAuts
     D:8: 1176 daAuts
  Bailey: 1078 daAuts
     D:5: 1058 daAuts
     D:9: 885 daAuts
   Orc:2: 336 daAuts
    D:11: 200 daAuts
     D:4: 133 daAuts
     D:2: 100 daAuts
